 Dungeon Crawl Stone Soup version 0.31-a0-803-g95b03c3367 (webtiles) character file.

Game seed: 16313296603777067698

51 Anon1729 the Trooper (level 3, -20/34 HPs)
             Began as a Minotaur Monk on Sept 21, 2023.
             Demolished by an ogre
             ... wielding a +0 giant spiked club
              (34 damage)
             ... on level 3 of the Dungeon.
             The game lasted 00:00:39 (1998 turns).

Anon1729 the Trooper (Minotaur Monk)                Turns: 1998, Time: 00:00:40

Health: -20/34     AC:  2    Str: 15    XL:     3   Next: 57%
Magic:  2/2        EV: 13    Int:  7    God:
Gold:   101        SH:  0    Dex: 14    Spells: 2/2 levels left

rFire   . . .        a - +0 falchion
rCold   . . .        d - orb {light}
rNeg    . . .        b - +0 robe
rPois   .            (helmet restricted)
rElec   .            (no cloak)
rCorr   .            (no gloves)
SInv    .            (no boots)
Will    .....        (no amulet)
Stlth   +            (no ring)
HPRegen 0.25/turn    (no ring)
MPRegen 0.08/turn

%: no passive effects
@: confused, ambrosia-drunk, glowing
A: horns 2, retaliatory headbutt
a: no special abilities


You were on level 3 of the Dungeon.
You visited 1 branch of the dungeon, and saw 3 of its levels.

You collected 101 gold pieces.

Inventory:

Hand Weapons
 a - a +0 falchion (weapon)
Armour
 b - a +0 robe (worn)
 d - an orb of light (worn)
Scrolls
 e - a scroll of enchant weapon {unknown}
 f - a scroll of fog {unknown}
 g - 2 scrolls of identify {unknown}
 h - a scroll of teleportation {unknown}
Potions
 i - a potion of haste {unknown}
 j - 2 potions of enlightenment {unknown}


   Skills:
 + Level 4.4 Fighting
 + Level 4.3 Long Blades
 + Level 3.9 Dodging


You had 2 spell levels left.
You didn't know any spells.
Your spell library contained the following spells:

 Spells                   Type           Power      Damage    Failure   Level
 Apportation              Tloc           0%         N/A       43%         1
 Necrotise                Necr           0%         1d4       43%         1
 Summon Small Mammal      Summ           0%         N/A       43%         1
 Blink                    Tloc           0%         N/A       56%         2
 Lesser Beckoning         Tloc           0%         N/A       56%         2
 Momentum Strike          Conj/Tloc      0%         3d8       56%         2


Dungeon Overview and Level Annotations

Branches:
Dungeon (3/15)

Altars:

Shops:
D:3 =

Annotations:
D:3 2 transporters, JaaP's ghost, amateur MfGl


Innate Abilities, Weirdness & Mutations

You have a pair of horns on your head.
You reflexively headbutt those who attack you in melee.


Message History

A bat comes into view.
The bat barely misses you.
You hit the bat.
You kill the bat!
A hobgoblin, an ogre and an adder come into view.
Found a trident.
The ogre shouts!
You closely miss the adder. You headbutt the adder.
The adder is moderately wounded.
The adder closely misses you. x2
You hit the adder. Your headbutt misses the adder.
The adder is almost dead.
The adder bites you but does no damage.
You hit the adder.
You kill the adder!
You hit the ogre.
The ogre is lightly wounded.
The ogre hits you with a +0 giant spiked club!!
Ouch! That really hurt!
* * * LOW HITPOINT WARNING * * *
The hobgoblin hits you.
* * * LOW HITPOINT WARNING * * *
You are too injured to fight recklessly!
You are too injured to fight recklessly!
You are too injured to fight recklessly!
You are too injured to fight recklessly!
You are too injured to fight recklessly!
You are too injured to fight recklessly!
You are too injured to fight recklessly!
You are too injured to fight recklessly!
You are too injured to fight recklessly!
You are confused.
You feel invigorated.
The hobgoblin hits you but does no damage.
The ogre barely misses you.
You bump into the rock wall.
The hobgoblin barely misses you.
You closely miss the hobgoblin.
The ogre hits you with a +0 giant spiked club!!
Ouch! That really hurt!
You die...

# .............##.#.#
##.############.##...#
... .## #.##.#.# ###'##
..# #.##.#..
##.....##.# #.##.##.
..#.#..#.# #.......
#)#.#.'.# #####...
#..#.#g.#.# #...
#...O@##.# #...
###'###..##########...
.....................
...######..............
... #............## ..
...............# .
......###########
.......# .......#


You could see an ogre and a hobgoblin.

Vanquished Creatures
  An adder (D:3)
  An orc (D:3)
  3 endoplasms
  2 giant cockroaches (D:1)
  2 goblins
  2 hobgoblins (D:1)
  3 jackals (D:2)
  4 quokkas
  2 ball pythons
  6 bats
  2 frilled lizards
  5 kobolds
  4 rats
37 creatures vanquished.

Notes
Turn   | Place    | Note
-------+----------+-------------------------------------------
     0 | D:1      | Anon1729 the Minotaur Monk began the quest for the Orb.
     0 | D:1      | Reached XP level 1. HP: 19/19 MP: 0/0
   224 | D:1      | Reached XP level 2. HP: 24/27 MP: 1/1
   488 | D:1      | Found a faded altar of an unknown god.
  1262 | D:2      | Reached XP level 3. HP: 33/33 MP: 2/2
  1611 | D:3      | Found a transporter.
  1612 | D:3      | Noticed JaaP's ghost (amateur MfGl)
  1614 | D:3      | Found Eserophelirch's Jewellery Shoppe.
  1651 | D:3      | Found a transporter.
  1991 | D:3      | Noticed an ogre
  1998 | D:3      | Demolished by an ogre

Illustrated notes

Levels and vault maps discovered:
D:1:      kilobyte_arrival_exit_the_forest, layout_rooms,
          shapermc_ecumenical_altar_mp_vishouse, serial_rivers,
          chequers_serial_rivers_micro_e, chequers_serial_rivers_room_b,
          chequers_serial_rivers_large_b, chequers_serial_rivers_micro_b,
          chequers_serial_rivers_micro_b, feat_on_display
D:2:      layout_basic
D:3:      layout_basic, serial_shops, nicolae_shop_advertising_works
          [nicolae_subvault_shop_adworks], gammafunk_ghost_stat_death,
          minmay_box_of_dots

Skill      XL: |  1  2 |
---------------+-------+-----
Fighting       | 4 |  4.4
Long Blades    | 4 |  4.3
Dodging        | |  3.9

Action                     || total
---------------------------++-------
  Melee: Falchion          ||    56
         Headbutt          ||     7
    Use: Potion            ||     1
 Armour: Robe              ||    30
  Dodge: Dodged            ||    51

Table legend: (Time is in decaauts)
 A = Elapsed time spent in this place.
 B = Non-inter-level travel time spent in this place.
 C = Inter-level travel time spent in this place.
 D = Time resting spent in this place.
 E = Time spent auto-exploring this place.
 F = Levels seen in this place.
 G = Mean time per level.
                   A        B        C        D        E       F      G
               +--------+--------+--------+--------+--------+-----+--------+
         Total |   2045 |   1946 |     99 |      0 |   1752 |   3 |  681.7 |
       Dungeon |   2045 |   1946 |     99 |      0 |   1752 |   3 |  681.7 |
               +--------+--------+--------+--------+--------+-----+--------+

Top non-repeatable levels by time:
     D:1: 872 daAuts
     D:2: 697 daAuts
     D:3: 475 daAuts
